 Seeded DCSS version 0.28.0-62-gf88900778d (webtiles) character file.

Game seed: 13591998346360536447 (custom seed)

44779 Psyclone the Archmage (level 13, -12/69 HPs)
             Began as a Deep Elf Conjurer on Oct 19, 2023.
             Was an Initiate of Gozag.
             Mangled by a boulder beetle (52 damage)
             ... on level 13 of the Dungeon.
             The game lasted 00:52:04 (18990 turns).

Psyclone the Archmage (Deep Elf Conjurer)          Turns: 18990, Time: 00:52:04

Health: -12/69     AC: 25    Str:  8    XL:     13   Next: 98%
Magic:  5/46       EV: 12    Int: 53    God:    Gozag
Gold:   5837       SH:  5    Dex: 13    Spells: 55/66 levels left

rFire   + . .      SeeInvis .   a - +3 Elemental Staff {rElec rF++ rC++ AC+5}
rCold   + + +      Faith    .   (no shield)
rNeg    + + .      Spirit   .   A - +2 robe {rC+}
rPois   +          Reflect  +   Z - +1 hat
rElec   +          Harm     .   e - +2 cloak of the Hidden Vale {rPois rF- Str+2 Int+8}
rCorr   .          Rampage  .   H - +2 pair of gloves {Stlth+}
Will    +....                   x - +1 pair of boots of Generosity {rElec rN++ Regen+ Stlth-}
Stlth   ++........              h - amulet of reflection
HPRegen 1.01/turn               q - ring of Dishonour {AC+4 Int+8}
MPRegen 0.30/turn               E - +6 ring of intelligence

@: studying 2 skills
A: iridescent scales 1, clever 1, robust 1, strong 1, wild magic 1
a: Renounce Religion, Potion Petition, Call Merchant, Bribe Branch


You were on level 13 of the Dungeon.
You worshipped Gozag.
Gozag was greatly pleased with you.
You visited 3 branches of the dungeon, and saw 18 of its levels.

You collected 12093 gold pieces.
You spent 2799 gold pieces at shops.
You paid 3457 gold pieces to Gozag.

Inventory:

Hand Weapons
 a - the +3 Elemental Staff (weapon) {rElec rF++ rC++ AC+5}
   (You acquired it on level 9 of the Dungeon)

   If the wielder is skilled in Evocations, they can discharge powerful blasts
   of elemental energy when striking with it.
   It enhances your fire, ice, earth and air magic.
   AC:        It affects your AC (+5).
   rF:        It greatly protects you from fire.
   rC:        It greatly protects you from cold.
   rElec:     It insulates you from electricity.
 b - a +0 dagger
Armour
 e - the +2 cloak of the Hidden Vale (worn) {rPois rF- Str+2 Int+8}
   (You acquired it on level 4 of the Dungeon)

   Str:       It affects your strength (+2).
   Int:       It affects your intelligence (+8).
   rF:        It makes you vulnerable to fire.
   rPois:     It protects you from poison.
 r - the +1 ring mail of Zaink {rN+}
   (You bought it in a shop on level 11 of the Dungeon)

   rN:        It protects you from negative energy.
 x - the +1 pair of boots of Generosity (worn) {rElec rN++ Regen+ Stlth-}
   (You bought it in a shop on level 11 of the Dungeon)

   rElec:     It insulates you from electricity.
   rN:        It greatly protects you from negative energy.
   Regen:     It increases your rate of health regeneration.
   Stlth:     It makes you less stealthy.
 A - a +2 robe of cold resistance (worn)
 H - a +2 pair of gloves of stealth (worn)
 Z - a +1 hat (worn)
Jewellery
 h - an amulet of reflection (around neck)
 m - a ring of resist corrosion
 q - the ring of Dishonour (left hand) {AC+4 Int+8}
   (You acquired it on level 11 of the Dungeon)

   [ring of protection]

   AC:        It affects your AC (+4).
   Int:       It affects your intelligence (+8).
 u - a ring of protection from fire
 z - a +4 ring of protection
 E - a +6 ring of intelligence (right hand)
Wands
 c - a wand of mindburst (17)
 g - a wand of flame (68)
 j - a wand of iceblast (10)
 l - a wand of paralysis (9)
 w - a wand of charming (25)
Scrolls
 d - 5 scrolls of identify {@r1}
 k - 2 scrolls of summoning {unknown}
 n - 2 scrolls of immolation {unknown}
 p - 4 scrolls of amnesia {unknown}
 s - 3 scrolls of blinking {unknown}
 v - 4 scrolls of enchant armour
 y - a scroll of enchant weapon
 K - 8 scrolls of teleportation {unknown}
 L - a scroll of magic mapping
 M - 2 scrolls of fog {unknown}
 O - 3 scrolls of vulnerability {unknown}
 P - 2 scrolls of torment
 U - a scroll of holy word {unknown}
 W - 3 scrolls of noise {unknown}
Potions
 f - a potion of ambrosia
 i - 6 potions of curing
 o - 3 potions of mutation
 t - a potion of degeneration
 B - 4 potions of might
 C - 2 potions of cancellation
 N - 5 potions of heal wounds
 Q - 5 potions of lignification
 T - 5 potions of haste
 V - 3 potions of brilliance
 X - 2 potions of attraction


   Skills:
 + Level 5.6 Armour
 - Level 2.4 Dodging
 - Level 2.4 Stealth
 O Level 27 Spellcasting
 - Level 10.0 Conjurations


You had 55 spell levels left.
You knew the following spells:

 Your Spells              Type           Power      Damage    Failure   Level
a - Magic Dart            Conj           100%       1d8       1%          1
b - Searing Ray           Conj           100%       2d8       1%          2
d - Fulminant Prism       Conj/Hex       52%        3d23      1%          4
e - Iskenderun's Mystic   Conj/Tloc      100%       2d19      1%          4

Your spell library contained the following spells:

 Spells                   Type           Power      Damage    Failure   Level
 Animate Skeleton         Necr           100%       N/A       1%          1
 Foxfire                  Conj/Fire      100%       2x1d9     1%          1
 Pain                     Necr           100%       1d9       1%          1
 Static Discharge         Conj/Air       100%       N/A       1%          2
 Sublimation of Blood     Necr           75%        N/A       1%          2
 Wereblood                Tmut           75%        N/A       1%          2
 Confusing Touch          Hex            75%        N/A       1%          3
 Conjure Flame            Conj/Fire      100%       6-21      1%          3
 Dazzling Flash           Conj/Hex       100%       N/A       1%          3
 Inner Flame              Hex/Fire       96%        N/A       1%          3
 Ozocubu's Armour         Ice            96%        N/A       1%          3
 Vampiric Draining        Necr           75%        2d11      1%          3
 Flame Wave               Conj/Fire      100%       2d17      1%          4
 Sticky Flame             Conj/Fire      100%       2d11      1%          4
 Dispel Undead            Necr           75%        3d25      2%          4
 Leda's Liquefaction      Hex/Erth       48%        N/A       2%          4
 Agony                    Necr           75%        N/A       6%          5
 Alistair's Intoxication  Tmut/Pois      50%        N/A       6%          5
 Borgnjor's Vile Clutch   Necr/Erth      48%        N/A       6%          5
 Excruciating Wounds      Necr           37%        N/A       6%          5
 Lee's Rapid Deconstruct  Erth           48%        3d24*     6%          5
 Silence                  Hex/Air        48%        N/A       6%          5
 Yara's Violent Unravell  Hex/Tmut       37%        3d15      6%          5
 Eringya's Noxious Bog    Tmut/Pois      37%        N/A       26%         6
 Statue Form              Tmut/Erth      64%        N/A       26%         6
 Enfeeble                 Hex            37%        N/A       78%         7
 Ozocubu's Refrigeration  Ice            48%        4d14      78%         7
 Summon Hydra             Summ           37%        N/A       78%         7


Dungeon Overview and Level Annotations

Branches:
Dungeon (13/15)            Temple (0/1) D:6            Lair (3/6) D:8
    Orc (2/2) D:10            Elf (0/3) Orc:2
  Swamp: Lair:2-4    Shoals: Lair:2-4     Snake: Lair:2-4    Spider: Lair:2-4
 Vaults: D:13-14

Altars:
Gozag
Hepliaklqana
Okawaru
Qazlal
Sif Muna
Trog
Wu Jian
The Shining One
Beogh

Shops:
D:8 *   D:11 *[[[*   Orc:1 *   Orc:2 [[[:


Innate Abilities, Weirdness & Mutations

You are partially covered in iridescent scales. (AC +2)
Your mind is acute. (Int +2)
You are robust. (+10% HP)
Your muscles are strong. (Str +2)
Your spells are a little harder to cast, but a little more powerful.


Message History

Confirm with . or Enter, or press ? or * to list all spells.
You erupt in a blast of force!
The mystic blast hits the boulder beetle!
The boulder beetle is lightly wounded.
The boulder beetle is knocked back by the mystic blast.
The boulder beetle slams into the rock wall!
The boulder beetle is lightly wounded.
You now have 19/46 mp.
Casting: Iskenderun's Mystic Blast (dangerous; 1% risk of failure)
Confirm with . or Enter, or press ? or * to list all spells.
You erupt in a blast of force!
The mystic blast hits the boulder beetle.
The boulder beetle is lightly wounded.
The boulder beetle is knocked back by the mystic blast.
The boulder beetle barely misses you.
The boulder beetle stops rolling and uncurls.
You now have 16/46 mp.
Casting: Iskenderun's Mystic Blast (dangerous; 1% risk of failure)
Confirm with . or Enter, or press ? or * to list all spells.
You erupt in a blast of force!
The mystic blast hits the boulder beetle but does no damage.
The boulder beetle is lightly wounded.
You now have 12/46 mp.
The boulder beetle curls into a ball and begins rolling!
Casting: Iskenderun's Mystic Blast (dangerous; 1% risk of failure)
Confirm with . or Enter, or press ? or * to list all spells.
You erupt in a blast of force!
The mystic blast hits the boulder beetle!
The boulder beetle is moderately wounded.
The boulder beetle is knocked back by the mystic blast.
You now have 9/46 mp.
Casting: Iskenderun's Mystic Blast (dangerous; 1% risk of failure)
Confirm with . or Enter, or press ? or * to list all spells.
You erupt in a blast of force!
The mystic blast hits the boulder beetle but does no damage.
The boulder beetle is moderately wounded.
The boulder beetle hits you!!!
Ouch! That really hurt!
You die...
Your body crumbles into a pile of gold.

$ #.#.#... # #....##.
##.....# ...###.>.#..
##..#.<.## #.........#
#...#.#..## #####.....#
##.........# ####....°.
#..........####....#○...
#...............####...#
..............#.........
.....<.@B°°.[......#####
...........##........... .##
#####..######..###....##
..## #...)#####.#...#..#..
...#####.##.#.....#.⌠.#..#.⌠
#............###.#...#≈≈#..
#..............#.≈###≈≈≈≈##
##............(...≈≈≈≈≈≈≈≈≈
##)..............≈≈≈≈≈≈≈≈≈


You could see a boulder beetle (rolling).

Vanquished Creatures
  2 orc warlords (Orc:2)
  A boulder beetle (D:12)
  An ogre mage (Orc:2)
  A hydra (D:11)
  A centaur warrior (D:13)
  A death knight (D:13)
  7 two-headed ogres
  4 orc high priests (Orc:2)
  Urug (D:13)
  A skeletal warrior (D:13)
  A glowing orange brain (shapeshifter) (D:9)
  5 orc knights
  4 orc sorcerers (Orc:2)
  5 elephants (Lair:3)
  A black mamba (Lair:2)
  A cyclops (D:13)
  5 cane toads
  3 gargoyles
  Maggie (Lair:2)
  A yaktaur (D:12)
  3 komodo dragons
  A hornet (D:9)
  3 blink frogs (Lair:3)
  4 trolls
  Sigmund (D:5)
  2 shadows
  4 wraiths
  2 wyverns (D:8)
  A basilisk (shapeshifter) (D:13)
  40 yaks
  2 basilisks (D:8)
  2 steam dragons
  4 vampire mosquitoes
  Menkaure (D:5)
  Edmund (D:5)
  4 wargs
  7 water moccasins
  3 ice beasts
  44 orc warriors
  The ghost of Fos Wory the Chopper, an amateur MiBe of Trog (D:3)
  2 black bears (D:6)
  3 sky beasts
  17 ogres
  6 centaurs
  A wolf (shapeshifter) (D:11)
  A kobold brigand (D:10)
  7 bullfrogs
  A wyvern zombie (D:7)
  3 gnoll sergeants
  2 scorpions (D:8)
  A water moccasin zombie (D:5)
  12 killer bees
  8 wights
  An electric eel (D:13)
  3 howler monkeys
  A bullfrog zombie (D:5)
  2 centaur zombies
  2 hounds
  2 jellies
  4 bullfrog skeletons
  2 gnoll shamans
  27 orc priests
  5 iguanas
  Ijyb (D:5)
  Natasha (thrice) (D:2)
  10 orc wizards
  A killer bee zombie (D:7)
  3 hound skeletons
  2 howler monkey zombies
  21 gnolls
  5 adders
  A howler monkey skeleton (D:6)
  A white imp (D:5)
  2 ufetubi
  2 adder skeletons (D:4)
  3 worms
  6 dart slugs
  84 orcs
  3 bats
  9 endoplasms
  2 giant cockroaches
  10 hobgoblins
  5 jackals
  14 kobolds
  3 quokkas
  6 ball pythons
  A frilled lizard (D:2)
  5 goblins
  9 rats
  A spectral hobgoblin (D:4)
503 creatures vanquished.

Vanquished Creatures (others)
  68 fulminant prisms
  15 fungi
  22 plants
105 creatures vanquished.

Grand Total: 608 creatures vanquished

Notes
Turn   | Place    | Note
-------+----------+-------------------------------------------
     0 | D:1      | Psyclone the Deep Elf Conjurer began the quest for the Orb.
     0 | D:1      | Reached XP level 1. HP: 10/10 MP: 6/6
   178 | D:2      | Reached XP level 2. HP: 15/15 MP: 6/8
   181 | D:2      | Learned a level 2 spell: Searing Ray
   211 | D:2      | Reached skill level 5 in Conjurations
   273 | D:2      | Identified 3 scrolls of acquirement
   286 | D:3      | Found a glowing golden altar of the Shining One.
   337 | D:4      | Acquired the +2 cloak of the Hidden Vale {rPois rF- Str+2
                  | Int+8}
   340 | D:4      | Acquired 1255 gold pieces
   346 | D:4      | Acquired 1352 gold pieces
   357 | D:4      | Acquired 1218 gold pieces
   389 | D:4      | Reached XP level 3. HP: 19/19 MP: 2/9
   420 | D:4      | Gained mutation: You are robust. (+10% HP) [potion of
                  | mutation]
   420 | D:4      | Gained mutation: You have hidden genetic potential. [potion
                  | of mutation]
   420 | D:4      | Gained mutation: Your muscles are strong. (Str +2) [potion
                  | of mutation]
   420 | D:4      | Gained mutation: You are partially covered in iridescent
                  | scales. (AC +2) [potion of mutation]
   523 | D:5      | Entered Level 5 of the Dungeon
   527 | D:5      | Reached XP level 4. HP: 18/26 MP: 4/10
   548 | D:5      | Gained mutation: Your mind is acute. (Int +2) [hidden
                  | potential]
   643 | D:5      | Noticed an ice beast
   648 | D:5      | Killed an ice beast
   649 | D:5      | Reached XP level 5. HP: 30/30 MP: 4/11
   654 | D:5      | Gained mutation: Your spells are a little harder to cast,
                  | but a little more powerful. [hidden potential]
   654 | D:5      | Lost mutation: You have hidden genetic potential. [hidden
                  | potential expressed]
   658 | D:5      | Learned a level 4 spell: Fulminant Prism
   764 | D:5      | Found an opulent altar of Gozag.
   771 | D:5      | Became a worshipper of Gozag Ym Sagoz the Greedy
   831 | D:5      | Noticed a sky beast
   840 | D:5      | Killed a sky beast
   841 | D:5      | Reached XP level 6. HP: 28/35 MP: 4/12
   913 | D:5      | Found an iron altar of Okawaru.
   933 | D:5      | Noticed Menkaure
   937 | D:5      | Killed Menkaure
   938 | D:5      | Reached XP level 7. HP: 24/39 MP: 4/13
  1327 | D:7      | Reached skill level 10 in Conjurations
  1384 | D:9      | Acquired 1237 gold pieces
  1393 | D:9      | Acquired the +3 Elemental Staff {rElec rF++ rC++ AC+5}
  1393 | D:9      | Found the +3 Elemental Staff {rElec rF++ rC++ AC+5}
  1405 | D:9      | Acquired 1172 gold pieces
  1478 | D:10     | Entered Level 10 of the Dungeon
  1573 | D:10     | Reached skill level 4 in Spellcasting
  1751 | D:11     | Found Reiheab's General Store.
  1754 | D:11     | Bought a scroll of acquirement for 624 gold pieces
  1779 | D:11     | Acquired the ring of Dishonour {AC+4 Int+8}
  1819 | D:11     | Bought a spiked ring mail for 243 gold pieces
  1819 | D:11     | Identified the +1 ring mail of Zaink {rN+} (You bought it
                  | in a shop on level 11 of the Dungeon)
  1819 | D:11     | Bought 2 scrolls of identify for 108 gold pieces
  1819 | D:11     | Bought a scroll labelled SANNIT FUFEN for 27 gold pieces
  1819 | D:11     | Bought a purple potion for 24 gold pieces
  1819 | D:11     | Bought a granite ring for 135 gold pieces
  1819 | D:11     | Bought a scroll labelled TALOTA EM JONO for 27 gold pieces
  1825 | D:11     | Bought a wand of digging (5) for 216 gold pieces
  1831 | D:11     | Bought a pair of brightly glowing boots for 275 gold pieces
  1831 | D:11     | Identified the +1 pair of boots of Generosity {rElec rN++
                  | Regen+ Stlth-} (You bought it in a shop on level 11 of the
                  | Dungeon)
  1842 | D:11     | Learned a level 4 spell: Iskenderun's Mystic Blast
  1843 | D:11     | Bought a pair of embroidered gloves for 202 gold pieces
  1843 | D:11     | Bought a glowing robe for 99 gold pieces
  1843 | D:11     | Bought a glowing robe for 99 gold pieces
  1972 | D:11     | Noticed a gargoyle
  1983 | D:11     | Killed a gargoyle
  1984 | D:11     | Reached skill level 7 in Spellcasting
  1984 | D:11     | Reached XP level 8. HP: 29/45 MP: 7/20
  2008 | D:11     | Noticed a hornet
  2214 | D:11     | Reached skill level 8 in Spellcasting
  2217 | D:11     | Reached skill level 9 in Spellcasting
  2339 | D:11     | Reached skill level 10 in Spellcasting
  2357 | D:11     | Noticed a two-headed ogre
  2370 | D:11     | Killed a two-headed ogre
  2371 | D:11     | Reached skill level 12 in Spellcasting
  2371 | D:11     | Reached XP level 9. HP: 49/49 MP: 9/27
  2737 | D:12     | Noticed a yaktaur
  2752 | D:12     | Killed a yaktaur
  2753 | D:12     | Reached skill level 13 in Spellcasting
  2840 | D:12     | Noticed a troll
  2851 | D:12     | Killed a troll
  2885 | D:12     | Noticed a gargoyle
  2889 | D:12     | Killed a gargoyle
  2890 | D:12     | Reached skill level 14 in Spellcasting
  3239 | D:12     | Noticed a cyclops
  3239 | D:12     | Noticed a four-headed hydra
  3245 | D:12     | Reached skill level 15 in Spellcasting
  3318 | D:12     | Reached XP level 10. HP: 55/55 MP: 22/31
  3319 | D:12     | Noticed a gargoyle
  3326 | D:12     | Killed a gargoyle
  3334 | D:12     | Reached skill level 16 in Spellcasting
  3566 | D:12     | Noticed a two-headed ogre
  3570 | D:12     | Noticed a boulder beetle
  3579 | D:12     | Killed a two-headed ogre
  3779 | D:12     | Killed a boulder beetle
  3780 | D:12     | Reached skill level 17 in Spellcasting
  3979 | D:12     | Noticed a two-headed ogre
  3991 | D:12     | Killed a two-headed ogre
  4286 | D:11     | Noticed an eight-headed hydra
  4304 | D:11     | Killed an eight-headed hydra
  4305 | D:11     | Reached skill level 18 in Spellcasting
  4402 | D:11     | Noticed a two-headed ogre
  4409 | D:11     | Killed a two-headed ogre
  4410 | D:11     | Reached XP level 11. HP: 59/59 MP: 27/35
  4411 | D:11     | Reached skill level 19 in Spellcasting
  4493 | D:10     | Found a staircase to the Orcish Mines.
  4713 | Orc:1    | Entered Level 1 of the Orcish Mines
  4713 | Orc:1    | Found Bucsurua's General Store.
  4715 | Orc:1    | Noticed an orc knight
  4723 | Orc:1    | Killed an orc knight
  4724 | Orc:1    | Reached skill level 20 in Spellcasting
  5035 | Orc:2    | Entered Level 2 of the Orcish Mines
  5037 | Orc:2    | Noticed a two-headed ogre
  5069 | Orc:2    | Killed a two-headed ogre
  5115 | Orc:2    | Noticed a two-headed ogre
  5132 | Orc:2    | Killed a two-headed ogre
  5462 | Orc:1    | Reached skill level 21 in Spellcasting
  5613 | Orc:1    | Noticed an orc knight
  5630 | Orc:1    | Killed an orc knight
  6023 | Orc:2    | Noticed an orc sorcerer
  6027 | Orc:2    | Killed an orc sorcerer
  6174 | Orc:2    | Reached skill level 22 in Spellcasting
  6444 | Orc:2    | Reached XP level 12. HP: 61/64 MP: 28/40
  6542 | Orc:2    | Found Alasek's Book Shop.
  6641 | Orc:2    | Found Taqieheg's Antique Armour Boutique.
  6717 | Orc:2    | Bought a bloodstained ring mail for 180 gold pieces
  6717 | Orc:2    | Identified the +1 ring mail of the Trombone {rElec} (You
                  | bought it in a shop on level 2 of the Orcish Mines)
  6717 | Orc:2    | Bought a pair of embroidered gloves for 150 gold pieces
  6755 | Orc:2    | Noticed an ogre mage
  6755 | Orc:2    | Noticed a two-headed ogre
  6756 | Orc:2    | Paralysed by an ogre mage for 2 turns
  6763 | Orc:2    | Killed an ogre mage
  6765 | Orc:2    | Killed a two-headed ogre
  6766 | Orc:2    | Reached skill level 23 in Spellcasting
  7074 | Orc:2    | Noticed an orc high priest
  7085 | Orc:2    | Killed an orc high priest
  7178 | Orc:2    | Noticed an orc high priest
  7185 | Orc:2    | Noticed an orc warlord
  7186 | Orc:2    | Killed an orc high priest
  7204 | Orc:2    | Killed an orc warlord
  7205 | Orc:2    | Reached skill level 24 in Spellcasting
  7423 | Orc:2    | Found Fomogynk's Antique Armour Shop.
  7423 | Orc:2    | Noticed an orc high priest
  7430 | Orc:2    | Killed an orc high priest
  7543 | Orc:2    | Found Jij Sur's Antique Armour Shoppe.
  7544 | Orc:2    | Noticed an orc high priest
  7552 | Orc:2    | Killed an orc high priest
  7592 | Orc:2    | Bought a pair of runed boots for 172 gold pieces
  7684 | Orc:2    | Noticed an orc warlord
  7702 | Orc:2    | Killed an orc warlord
  7851 | Orc:2    | Found a staircase to the Elven Halls.
  8002 | Orc:2    | Reached skill level 25 in Spellcasting
  8718 | D:5      | Noticed Sigmund
  8730 | D:5      | Killed Sigmund
  8775 | D:5      | Found a shimmering blue altar of Sif Muna.
  9178 | D:9      | Reached XP level 13. HP: 69/69 MP: 26/44
  9287 | D:9      | Found the +8 storm bow {elec, penet}
  9881 | D:8      | Found a staircase to the Lair.
 10127 | D:8      | Found Kiqy Okk's Assorted Antiques.
 10137 | D:8      | Bought a scroll labelled JICAKA SUNO for 28 gold pieces
 10137 | D:8      | Bought 2 sedimented cyan potions for 50 gold pieces
 10137 | D:8      | Bought a knobbly diamond ring for 140 gold pieces
 10215 | D:8      | Found a bloodstained altar of Trog.
 10429 | D:7      | Found an ornate altar of the Wu Jian Council.
 11239 | D:6      | Reached skill level 26 in Spellcasting
 11615 | D:6      | Found a staircase to the Ecumenical Temple.
 12520 | D:5      | Found a stormy altar of Qazlal.
 12600 | D:5      | Noticed Ijyb
 12606 | D:5      | Noticed Edmund
 12607 | D:5      | Killed Ijyb
 12618 | D:5      | Killed Edmund
 13276 | D:4      | Found a hazy altar of Hepliaklqana.
 13574 | D:3      | Noticed Fos Wory's ghost (amateur MiBe)
 13575 | D:3      | Found a transporter.
 13590 | D:3      | Found a transporter.
 13595 | D:3      | Killed Fos Wory's ghost
 13718 | D:3      | Identified the +1 whip of Eternal Harmony {flame, rElec
                  | Int+2}
 14208 | D:2      | Found a faded altar of an unknown god.
 14258 | D:2      | Noticed Natasha
 14267 | D:2      | Killed Natasha
 14780 | D:2      | Noticed Natasha
 14785 | D:2      | Killed Natasha
 15004 | D:2      | Noticed Natasha
 15008 | D:2      | Killed Natasha
 15709 | Lair:1   | Entered Level 1 of the Lair of Beasts
 15889 | Lair:2   | Identified the +2 hand axe of Guotsole {venom, *Corrode rN+
                  | Int+2 Stlth+}
 16511 | Lair:2   | Noticed Maggie
 16515 | Lair:2   | Killed Maggie
 16937 | Lair:3   | Reached skill level 27 in Spellcasting
 18730 | D:13     | Noticed Urug
 18739 | D:13     | Killed Urug
 18740 | D:13     | Reached skill level 5 in Armour
 18990 | D:13     | Mangled by a boulder beetle

Illustrated notes

Levels and vault maps discovered:
D:1:      wander_arrival_fairy_ring, layout_basic, chequers_serial_rivers_room_a
D:2:      layout_loops_ring, shapermc_ecumenical_altar_venn, uniq_natasha
D:3:      layout_loops_ring, mainiacjoe_overflow_chevrons,
          gammafunk_ghost_arena, hangedman_glass_teeth
D:4:      layout_basic, nicolae_hepliaklqana_monster_ancestors,
          due_unseen_surprise
D:5:      layout_basic, lemuel_doored_altar, overflow_temple_1_default,
          amethyst_overflow_temple_binary, minmay_manual_mess, uniq_ijyb,
          uniq_edmund, uniq_sigmund, uniq_menkaure
D:6:      layout_layer_cave, minmay_temple_entry_hall
D:7:      layout_basic, nicolae_wu_jian_immortal_techniques
D:8:      layout_rooms, lightli_temple_of_fire, minmay_lair_entry_grove,
          serial_shops, shop
D:9:      layout_cave_pools, grunt_decor_clamped
D:10:     minmay_diamond_stairs, layout_basic
D:11:     layout_gridville, serial_shops, kennysheep_mini_moat
D:12:     layout_loops_corners, lightli_corner_chamber
D:13:     layout_rooms, skrybe_vaults_entry_preservation, fountainhead,
          hangedman_parallel_progression, uniq_kirke, uniq_urug, uniq_erolcha
Lair:1:   layout_loops_ring, nicolae_volcano_entry_hallway, st_stairs_7
Lair:2:   layout_loops_ring, infiniplex_staircase_pool, uniq_maggie
Lair:3:   layout_hall_layers
Orc:1:    layout_caves, serial_shops, shop
Orc:2:    pubby_orc_utopia, serial_shops

Skill      XL: |  1  2  3  4  5  6  7  8  9 10 11 12 13 |
---------------+----------------------------------------+-----
Conjurations   | 5 6 7 8 9 10 | 10.0
Spellcasting   | 7 12 15 18 22 25 27 | 27.0
Armour         | 5 |  5.6
Dodging        | |  2.4
Stealth        | |  2.4

Action                   |  1- 3 |  4- 6 |  7- 9 | 10-12 | 13-15 || total
-------------------------+-------+-------+-------+-------+-------++-------
Melee: Staff             |       |       |       |    34 |    64 ||    98
 Cast: Magic Dart        |    16 |     3 |    13 |     1 |    11 ||    44
       Searing Ray       |     5 |     7 |    12 |       |     6 ||    30
       Fulminant Prism   |       |       |    22 |    33 |    13 ||    68
       Iskenderun's Myst |       |       |     2 |   183 |   190 ||   375
Invok: Call Merchant     |       |       |     4 |       |       ||     4
Evoke: Wand              |       |       |     4 |     1 |       ||     5
  Use: Scroll            |     5 |       |     6 |     1 |    13 ||    25
       Potion            |     1 |       |       |       |       ||     1
 Stab: Distracted        |       |       |       |       |     1 ||     1
Armor: Robe              |     1 |     1 |    17 |    68 |   127 ||   214
Dodge: Dodged            |     3 |     3 |    19 |    84 |   112 ||   221
Block: Other             |       |       |     7 |    47 |    42 ||    96
       Reflection        |       |       |     3 |     6 |     2 ||    11
